 Dungeon Crawl Stone Soup version 0.25-a0-294-gea9b1ad (webtiles) character file.

Game seed: 12832150990757334916, levelgen mode: deterministic

129765 TheGoonsmith the Severer (level 17, -4/158 HPs)
             Began as a Hill Orc Abyssal Knight on Dec 17, 2019.
             Was the Champion of Lugonu.
             Slain by a necromancer
             ... wielding a +0 dagger of pain
             ... summoned by Lugonu's corruption
              (6 damage)
             ... on level 4 of the Spider Nest on Dec 18, 2019.
             The game lasted 01:00:26 (34382 turns).

TheGoonsmith the Severer (Hill Orc Abyssal Knight) Turns: 34382, Time: 01:00:27

Health: -4/158     AC: 32    Str: 25    XL:     17   Next: 6%
Magic:  1/28       EV:  6    Int: 12    God:    Lugonu [******]
Gold:   1525       SH:  0    Dex: 10    Spells: 16/16 levels left

rFire    + . .     SeeInvis .   a - +7 battleaxe (distort)
rCold    + . .     Gourm    .   (shield currently unavailable)
rNeg     . . .     Faith    .   e - +3 plate armour {rC+}
rPois    +         Spirit   .   j - +2 helmet
rElec    .         Reflect  .   W - +1 cloak
rCorr    .         Harm     .   w - +2 pair of gloves {Str+3}
MR       +....                  o - +2 pair of boots
Stlth    ..........             F - amulet of the acrobat
HPRegen  0.36/turn              P - ring of poison resistance
MPRegen  0.21/turn              I - ring of protection from fire

@: held, wreathed by umbra, lightly drained
A: no striking features
a: Depart the Abyss, Bend Space, Banish, Corrupt, Enter the Abyss, Renounce
Religion


You were on level 4 of the Spider Nest.
You worshipped Lugonu.
Lugonu was exalted by your worship.
You were not hungry.

You visited 4 branches of the dungeon, and saw 27 of its levels.
You visited the Abyss 1 time.
You also visited: Ossuary and Ice Cave.

You collected 2653 gold pieces.
You spent 1128 gold pieces at shops.

Inventory:

Hand Weapons
 a - a +7 battleaxe of distortion (weapon)
 x - a +0 war axe of electrocution
Armour
 e - a +3 plate armour of cold resistance (worn)
 j - a +2 helmet (worn)
 o - a +2 pair of boots (worn)
 w - a +2 pair of gloves of strength (worn)
 W - a +1 cloak (worn)
 X - +0 pearl dragon scales
Jewellery
 t - a +3 ring of strength
 y - an uncursed ring of protection from magic
 B - an uncursed ring of ice
 F - an amulet of the acrobat (around neck)
 G - an uncursed ring of magical power
 I - a ring of protection from fire (right hand)
 M - an uncursed ring of positive energy
 O - a +3 ring of protection
 P - a ring of poison resistance (left hand)
 S - an uncursed amulet of rage
Wands
 m - a wand of random effects (41)
 A - a wand of paralysis (18)
 D - a wand of disintegration (22)
 H - a wand of iceblast (4)
 K - a wand of polymorph (19)
 R - a wand of digging (4)
 V - a wand of enslavement (18)
 Z - a wand of flame (33)
Scrolls
 b - 4 scrolls of fear
 d - 7 scrolls of teleportation
 f - 12 scrolls of remove curse
 h - 3 scrolls of amnesia
 n - 4 scrolls of magic mapping
 r - 7 scrolls of identify
 T - 3 scrolls of fog
 U - 2 scrolls of blinking
Potions
 g - 3 potions of agility
 i - 3 potions of resistance
 k - 3 potions of ambrosia
 l - 8 potions of curing
 p - 8 potions of haste
 s - 12 potions of might
 u - 7 potions of flight
 v - 5 potions of lignification
 E - 2 potions of berserk rage
 J - 5 potions of heal wounds
 N - 2 potions of brilliance
 Q - 2 potions of invisibility
Miscellaneous
 C - a phantom mirror
Comestibles
 c - 56 rations


   Skills:
 + Level 15.8(15.2) Fighting
 - Level 20.0(19.3) Axes
 + Level 13.9(13.4) Armour
 + Level 8.6(8.2) Dodging
 + Level 15.1(14.6) Invocations
 - Level 8.0(7.5) Evocations


You had 16 spell levels left.
You didn't know any spells.
Your spell library contained the following spells:

 Spells                   Type           Power        Failure   Level  Hunger
 Apportation              Tloc           #.....       95%         1    ##.....
 Beastly Appendage        Tmut           #.....       95%         1    ##.....
 Confusing Touch          Hex            #.....       95%         1    ##.....
 Corona                   Hex            #......      95%         1    ##.....
 Magic Dart               Conj           #...         95%         1    ##.....
 Summon Butterflies       Summ           #.......     95%         1    ##.....
 Summon Small Mammal      Summ           #...         95%         1    ##.....
 Blink                    Tloc           N/A          99%         2    ###....
 Call Imp                 Summ           #.......     99%         2    ###....
 Ensorcelled Hibernation  Hex/Ice        #.....       99%         2    ###....
 Slow                     Hex            #.......     99%         2    ###....
 Sticks to Snakes         Tmut           #.......     99%         2    ###....
 Call Canine Familiar     Summ           #.......     100%        3    ####...
 Confuse                  Hex            #.......     100%        3    ####...
 Conjure Flame            Conj/Fire      #.......     100%        3    ####...
 Dazzling Flash           Conj/Hex       #.....       100%        3    ####...
 Gell's Gravitas          Tloc           #.........   100%        3    ####...
 Inner Flame              Hex/Fire       #.......     100%        3    ####...
 Lesser Beckoning         Tloc           #.........   100%        3    ####...
 Mephitic Cloud           Conj/Pois/Air  #.......     100%        3    ####...
 Portal Projectile        Hex/Tloc       #.....       100%        3    ####...
 Recall                   Summ/Tloc      N/A          100%        3    ####...
 Spider Form              Tmut/Pois      #.........   100%        3    ####...
 Summon Guardian Golem    Hex/Summ       #.......     100%        3    ####...
 Tukima's Dance           Hex            #.......     100%        3    ####...
 Cause Fear               Hex            #.........   100%        4    #####..
 Ice Form                 Ice/Tmut       #.......     100%        4    #####..
 Leda's Liquefaction      Hex/Erth       #.........   100%        4    #####..
 Petrify                  Tmut/Erth      #.......     100%        4    #####..
 Summon Ice Beast         Ice/Summ       #.......     100%        4    #####..
 Summon Lightning Spire   Summ/Air       #.......     100%        4    #####..
 Alistair's Intoxication  Tmut/Pois      #.......     100%        5    ######.
 Aura of Abjuration       Summ           #.........   100%        5    ######.
 Blade Hands              Tmut           #.........   100%        5    ######.
 Metabolic Englaciation   Hex/Ice        #.........   100%        5    ######.
 Summon Demon             Summ           #.........   100%        5    ######.
 Summon Forest            Summ/Tloc      #.........   100%        5    ######.
 Summon Mana Viper        Hex/Summ       #.......     100%        5    ######.
 Yara's Violent Unravell  Hex/Tmut       #.........   100%        5    ######.
 Invisibility             Hex            #.......     100%        6    #######
 Shadow Creatures         Summ           N/A          100%        6    #######


Dungeon Overview and Level Annotations

Branches:
Dungeon (15/15)            Temple (0/1) D:6            Lair (6/6) D:8
  Swamp (0/4) Lair:2       Spider (4/4) Lair:4          Orc (2/2) D:9
    Elf (0/3) Orc:2        Vaults (0/5) D:13         Depths (0/5) D:15
Ossuary (visited)           IceCv (visited)
  Slime: Lair:5-6

Altars:
Ashenzari
Cheibriados
Gozag
Makhleb
Qazlal
Trog
Wu Jian
Xom
Yredelemnul
Zin
The Shining One
Beogh

Shops:
D:6 (   D:8 (   D:10 }   D:12 =   D:14 ?   Orc:2 (*?[[

Portals:
Trove: D:11 (give 5 potions of resistance)

Annotations:
D:7 1 runed translucent door, moogleknight's ghost, novice DrTm
D:10 3 runed translucent doors, Antroll's ghost, journeyman DrFE
Lair:1 1 runed translucent door, Xaqezoel's ghost, journeyman GnEE
Lair:4 exclusion: oklob plant
Lair:5 exclusion: oklob plant
Lair:6 corrupted, 2 transporters, mageonly's ghost, journeyman DrCj
Spider:4 corrupted, 2 exclusions
Orc:1 3 runed translucent doors, ghowell's ghost, journeyman MiFi
Abyss:1 Azrael; Donald; Harold; Psyche; Rupert; Sonja


Message History

The large abomination is no longer moving slowly.
The small abomination is no longer moving slowly.
The large abomination is no longer moving slowly.
The jumping spider pounces on you!
* * * LOW HITPOINT WARNING * * *
The jumping spider bites you but does no damage.
The hornet stings you but does no damage.
The spark wasp barely misses the rakshasa.
The jumping spider pounces on you!
* * * LOW HITPOINT WARNING * * *
You are even more entangled.
The jumping spider bites you but does no damage.
The soul eater hits the jumping spider.
The soul eater drains the jumping spider.
The shadow imp gestures at something.
The hornet stings you but does no damage.
The white imp barely misses the jumping spider.
The necromancer hits you but does no damage.
You writhe in agony.
You die...

#..............#...,,******,*
##...s.^...°w..#,5..,*,,,,,**
#...........#.#X.3.,*,,,,,,*
##.....#.#.s#5#x...,*,,,,,*,
#...^^..sy.#b34X#.*,,,,,,*,
##.....Xw##XX3{W..**,,,,,*,
#..#....X†.XXXx#..,,******,
##.....Ryy2.xA3X#.,,,,,* *,
##...#RRs@pXL2##***,,,***,
##.##353#X5X.#*******,,,*
####..#.to3X.†.,,,,,,,**
####.##3..#.********
*.^..###.. *##### #


You could see a spark wasp, a hornet (berserk), 2 jumping spiders, a redback, a
neutral profane servitor, 3 neutral starcursed masses, a neutral tentacled
starspawn, a neutral lich, 2 neutral balrugs, 3 neutral rakshasas, a neutral
soul eater, a neutral flayed ghost, a neutral apocalypse crab, a neutral
thrashing horror, 9 neutral large abominations, a neutral necromancer, 2 neutral
smoke demons, 3 neutral neqoxecs, 2 neutral ynoxinuls, a neutral chaos spawn, a
neutral orc sorcerer, 3 neutral small abominations, a neutral fire bat, a
neutral starspawn tentacle, a neutral quasit, a neutral white imp, a neutral
shadow imp and a neutral ufetubus.

Vanquished Creatures
  Nikola (Spider:3)
  Gastronok (D:8)
  An emperor scorpion (Spider:1)
  3 entropy weavers
  4 dire elephants (Lair:6)
  An ogre mage (D:15)
  Josephine (D:12)
  An anaconda (Lair:6)
  A death knight (D:15)
  6 two-headed ogres
  7 centaur warriors
  A tengu warrior (D:15)
  A wizard (D:13)
  2 unseen horrors
  An orc knight (Orc:2)
  A phantasmal warrior (D:15)
  A lindwurm (Lair:6)
  6 ugly things
  12 orb spiders
  12 wolf spiders
  2 manticores
  5 orc sorcerers
  5 cyclopes
  4 black mambas
  3 elephants (Lair:6)
  A gargoyle (D:14)
  2 ice statues (IceCv)
  A spectral redback (Spider:4)
  A torpor snail (Spider:1)
  5 centaur skeletons
  4 spiny frogs
  7 demonic crawlers
  2 freezing wraiths
  2 kobold demonologists
  6 rime drakes
  2 komodo dragons
  17 jumping spiders
  6 trolls
  A queen bee (Lair:4)
  3 meliai (Lair:4)
  A spectral jumping spider (Spider:4)
  9 polar bears (IceCv)
  7 hornets
  Grinder (D:6)
  21 blink frogs
  13 slime creatures
  7 hippogriffs
  A centaur simulacrum (D:15)
  15 tarantellas
  54 redbacks
  44 yaks
  6 wraiths
  6 wyverns
  14 humans
  3 hungry ghosts
  4 fire elementals (D:13)
  4 hogs (D:7)
  4 vampire mosquitoes (D:13)
  2 basilisks
  3 wargs (Orc:1)
  3 insubstantial wisps (Lair:2)
  9 water moccasins
  3 hell hounds (D:13)
  8 porcupines
  2 acid dragons
  43 orc warriors
  3 sky beasts
  2 hornet zombies
  3 phantoms
  7 ice beasts
  22 centaurs
  8 ogres
  28 wolves
  12 crocodiles
  5 big kobolds
  10 bullfrogs
  A gnoll sergeant (D:12)
  4 scorpions
  A water moccasin skeleton (D:11)
  37 killer bees
  4 howler monkeys
  An electric eel (Spider:3)
  12 crimson imps
  A bullfrog zombie (D:6)
  3 centaur zombies
  5 hounds
  A jelly (D:11)
  3 iron imps (D:6)
  15 orc priests
  18 orc wizards
  3 bullfrog skeletons
  4 iguanas
  7 worker ants
  A killer bee zombie (D:10)
  5 big kobold zombies (Ossuary)
  A hound zombie (D:5)
  2 hound skeletons
  2 mummies
  Robin (D:2)
  15 gnolls
  A worker ant zombie (D:10)
  10 adders
  4 shadow imps
  2 oozes
  An adder zombie (D:7)
  2 adder skeletons (D:5)
  3 worms
  2 dart slugs
  5 leopard geckos
  104 orcs
  3 spectral bats (Ossuary)
  A ball python (D:2)
  2 bats (D:1)
  6 giant cockroaches
  9 goblins
  15 hobgoblins
  21 jackals
  19 kobolds
  9 quokkas
  A ball python skeleton (D:4)
  4 bat simulacra (Ossuary)
  5 frilled lizards
  7 gnoll zombies (Ossuary)
  3 goblin simulacra (Ossuary)
  5 goblin zombies (Ossuary)
  5 hobgoblin zombies (Ossuary)
  2 kobold simulacra (Ossuary)
  6 kobold zombies (Ossuary)
  A leopard gecko zombie (D:7)
  2 orc zombies (Ossuary)
  9 rats
  3 rat simulacra (Ossuary)
  4 spectral goblins (Ossuary)
  5 spectral kobolds (Ossuary)
  A spectral rat (Ossuary)
  A bush (D:15)
  2 fungi
  7 plants
969 creatures vanquished.

Vanquished Creatures (others)
  A ghost moth (Spider:4)
  An emperor scorpion (Spider:4)
  A yaktaur captain (D:15)
  A hydra (Lair:2)
  2 centaur warriors
  4 death yaks (Lair:6)
  2 two-headed ogres
  An orb spider (Spider:2)
  3 wolf spiders
  A deep elf mage (D:13)
  3 ugly things
  An elephant (Lair:6)
  2 moths of wrath
  A centaur zombie (D:13)
  A spiny frog (Lair:3)
  A freezing wraith (D:15)
  7 jumping spiders
  2 polar bears (IceCv)
  2 slime creatures
  A blink frog (Lair:4)
  6 tarantellas
  8 redbacks
  A human (D:13)
  2 wyverns
  5 yaks (Lair:6)
  A water moccasin (Lair:6)
  4 orc warriors
  A crocodile (D:12)
  A bullfrog (Lair:2)
  A gnoll sergeant (D:10)
  4 centaur skeletons
  A bush (D:15)
  5 fungi
  10 plants
  A starspawn tentacle (Spider:4)
89 creatures vanquished.

Grand Total: 1058 creatures vanquished

Notes
Turn   | Place    | Note
-------+----------+-------------------------------------------
     0 | Abyss:1  | TheGoonsmith the Hill Orc Abyssal Knight began the quest
                  | for the Orb.
     0 | Abyss:1  | Reached XP level 1. HP: 19/19 MP: 2/2
    44 | Abyss:1  | Noticed a ynoxinul
    47 | Abyss:1  | Noticed a wretched star
    48 | D:1      | Escaped the Abyss
   261 | D:1      | Reached skill level 3 in Axes
   320 | D:1      | Reached XP level 2. HP: 24/27 MP: 3/3
   908 | D:2      | Reached XP level 3. HP: 24/33 MP: 5/5
  1062 | D:2      | Noticed Robin
  1074 | D:1      | Reached ** piety under Lugonu
  1587 | D:1      | Reached skill level 4 in Axes
  1913 | D:2      | Killed Robin
  1913 | D:2      | Reached XP level 4. HP: 21/40 MP: 6/6
  2123 | D:2      | Found a shimmering altar of Xom.
  2212 | D:2      | Found an ornate altar of the Wu Jian Council.
  2589 | D:3      | Found a basalt altar of Yredelemnul.
  2793 | D:3      | Found a bloodstained altar of Trog.
  3085 | D:3      | Reached XP level 5. HP: 47/47 MP: 7/7
  3096 | D:3      | Found a glowing silver altar of Zin.
  3486 | D:3      | Reached skill level 5 in Axes
  4047 | D:3      | Reached *** piety under Lugonu
  4336 | D:4      | Reached XP level 6. HP: 26/55 MP: 9/9
  4495 | D:4      | Reached skill level 5 in Fighting
  4495 | D:4      | Reached skill level 6 in Axes
  4903 | D:4      | Reached skill level 5 in Invocations
  5039 | D:4      | Found a snail-covered altar of Cheibriados.
  5260 | D:5      | Entered Level 5 of the Dungeon
  5393 | D:5      | Reached skill level 7 in Axes
  5393 | D:5      | Reached XP level 7. HP: 49/61 MP: 10/10
  5639 | D:5      | Noticed a wyvern
  5647 | D:5      | HP: 3/61 [wyvern (13)]
  5649 | D:5      | Banished a wyvern
  5649 | D:5      | Reached skill level 8 in Axes
  6305 | D:5      | Reached skill level 9 in Axes
  6305 | D:5      | Reached XP level 8. HP: 43/68 MP: 12/12
  6441 | D:5      | Found a shattered altar of Ashenzari.
  6752 | D:6      | Noticed an air elemental
  6760 | D:6      | Reached **** piety under Lugonu
  6770 | D:6      | Found a stormy altar of Qazlal.
  6772 | D:6      | Noticed a water elemental
  6843 | D:6      | Found a sand-covered staircase.
  6946 | Ossuary  | Entered an ossuary
  7187 | Ossuary  | Reached skill level 10 in Axes
  7205 | Ossuary  | Reached ***** piety under Lugonu
  7579 | D:6      | Found a staircase to the Ecumenical Temple.
  7701 | D:6      | Found Rumeuv's Antique Weapon Shop.
  7836 | D:6      | Bought a runed war axe for 130 gold pieces
  7994 | D:6      | Noticed Grinder
  8002 | D:6      | Reached skill level 11 in Axes
  8003 | D:6      | Reached XP level 9. HP: 65/75 MP: 14/14
  8005 | D:6      | Killed Grinder
  8049 | D:6      | Found an opulent altar of Gozag.
  8542 | D:6      | Found a burning altar of Makhleb.
  8736 | D:7      | Reached skill level 12 in Axes
  9193 | D:7      | Found a runed translucent door.
  9197 | D:7      | Noticed moogleknight's ghost (novice DrTm)
  9316 | D:7      | Reached skill level 13 in Axes
  9328 | D:7      | Reached skill level 14 in Axes
  9328 | D:7      | Reached XP level 10. HP: 14/86 MP: 16/16
  9689 | D:8      | Found Ysmiob's Antique Weapon Shop.
  9710 | D:8      | Noticed Harold
  9712 | D:8      | Banished Harold
  9712 | D:8      | Reached skill level 1 in Dodging
 10118 | D:8      | Noticed Gastronok
 10136 | D:8      | Killed Gastronok
 10136 | D:8      | Reached skill level 5 in Armour
 10543 | D:8      | Found a staircase to the Lair.
 10584 | D:8      | Reached skill level 15 in Axes
 10589 | D:8      | Found a glowing golden altar of the Shining One.
 11191 | D:8      | Noticed Psyche
 11193 | D:8      | Banished Psyche
 11445 | D:9      | Reached XP level 11. HP: 91/94 MP: 18/18
 11760 | D:9      | Found a staircase to the Orcish Mines.
 12100 | D:10     | Entered Level 10 of the Dungeon
 12166 | D:10     | Found Baezisum's Gadget Shop.
 12201 | D:10     | Reached ****** piety under Lugonu
 12264 | D:10     | Identified the +9 whip of Immorality {antimagic, Dex+2}
 12742 | D:10     | Reached skill level 10 in Invocations
 12794 | D:10     | Found a runed translucent gate.
 12794 | D:10     | Found a runed translucent gate.
 12797 | D:10     | Found a runed translucent gate.
 12797 | D:10     | Noticed Antroll's ghost (journeyman DrFE)
 12988 | D:10     | Reached skill level 16 in Axes
 13348 | D:11     | Identified a +2 battleaxe of distortion (a +0 battleaxe
                  | corrupted by Lugonu)
 13348 | D:11     | Received a gift from Lugonu
 13534 | D:11     | Found a portal to a secret trove of treasure.
 13713 | D:12     | Noticed a two-headed ogre
 13722 | D:12     | Killed a two-headed ogre
 13870 | Lair:1   | Entered Level 1 of the Lair of Beasts
 14197 | Lair:1   | Found a runed translucent door.
 14333 | Lair:1   | Noticed Xaqezoel's ghost (journeyman GnEE)
 14333 | Lair:1   | Identified the +9 spear of Watchfulness {pierce, +Fly rPois
                  | MR+ Dex+7}
 14334 | Lair:1   | Noticed a spriggan rider
 14674 | Lair:2   | Reached XP level 12. HP: 106/106 MP: 19/19
 14756 | Lair:2   | Reached skill level 10 in Fighting
 14762 | Lair:2   | Reached skill level 17 in Axes
 15067 | Lair:2   | Found a staircase to the Swamp.
 15128 | Lair:2   | Noticed a four-headed hydra
 15142 | Lair:2   | Banished a five-headed hydra
 15825 | Lair:3   | Reached skill level 18 in Axes
 16722 | Lair:4   | Reached XP level 13. HP: 88/116 MP: 20/20
 16740 | Lair:4   | Found a hole to the Spider Nest.
 17027 | Lair:4   | Reached skill level 19 in Axes
 17378 | Lair:4   | Reached skill level 10 in Armour
 18014 | Lair:5   | Noticed Sonja
 18015 | Lair:5   | Banished Sonja
 18581 | Lair:6   | Entered Level 6 of the Lair of Beasts
 18583 | Lair:6   | Corrupted Lair:6
 18583 | Lair:6   | Noticed a bone dragon
 18583 | Lair:6   | Noticed a great orb of eyes
 18587 | Lair:6   | Noticed a rakshasa
 18599 | Lair:6   | Noticed a deep elf elementalist
 18603 | Lair:6   | Noticed a starcursed mass
 18626 | Lair:6   | Reached skill level 20 in Axes
 18647 | Lair:6   | Found a frozen archway.
 18667 | IceCv    | Entered an ice cave
 19000 | IceCv    | Noticed a frost giant
 19043 | IceCv    | Banished a frost giant
 19862 | Lair:6   | Found a transporter.
 19869 | Lair:6   | Identified the +9 trident of Muocw {antimagic, MR+}
 19871 | Lair:6   | Noticed mageonly's ghost (journeyman DrCj)
 20090 | Lair:6   | Found a transporter.
 20092 | Lair:6   | Found a bloodstained altar of Trog.
 20105 | Lair:6   | Reached XP level 14. HP: 111/127 MP: 22/22
 20407 | Lair:6   | Noticed a dire elephant
 20407 | Lair:6   | Noticed a dire elephant
 20424 | Lair:6   | Killed a dire elephant
 20439 | Lair:6   | Noticed a dire elephant
 20451 | Lair:6   | Killed a dire elephant
 20588 | Lair:6   | Got an ichor-stained chain mail
 20589 | Lair:6   | Identified the +0 chain mail of the Skies Above {Str+3
                  | Int+2 Dex+3} (You found it on level 6 of the Lair of
                  | Beasts)
 20721 | Lair:6   | Noticed a dire elephant
 20731 | Lair:6   | Killed a dire elephant
 20732 | Lair:6   | Noticed a dire elephant
 20740 | Lair:6   | Killed a dire elephant
 21215 | Orc:1    | Entered Level 1 of the Orcish Mines
 21508 | Orc:2    | Entered Level 2 of the Orcish Mines
 21508 | Orc:2    | Found Nat Geigg's Weapon Shoppe.
 22393 | Orc:1    | Reached skill level 5 in Dodging
 23033 | Orc:2    | Found a roughly hewn altar of Beogh.
 23503 | Orc:1    | Found a runed translucent gate.
 23505 | Orc:1    | Found a runed translucent gate.
 23506 | Orc:1    | Found a runed translucent gate.
 23509 | Orc:1    | Noticed ghowell's ghost (journeyman MiFi)
 23703 | Orc:2    | Found a staircase to the Elven Halls.
 23794 | Orc:2    | Found Dousesargh's Magic Scroll Emporium.
 23794 | Orc:2    | Found Cetegoag's Armour Shop.
 23796 | Orc:2    | Found Xerod's Armour Boutique.
 23798 | Orc:2    | Found Sufikei's General Store.
 23802 | Orc:2    | Bought a scroll of fear for 38 gold pieces
 23802 | Orc:2    | Bought a scroll of magic mapping for 38 gold pieces
 23803 | Orc:2    | Bought a +2 pair of gloves for 231 gold pieces
 23995 | Orc:2    | Bought a scroll of blinking for 82 gold pieces
 23995 | Orc:2    | Bought a scroll of fog for 22 gold pieces
 23995 | Orc:2    | Bought a scroll of identify for 22 gold pieces
 23995 | Orc:2    | Bought a scroll of blinking for 82 gold pieces
 23995 | Orc:2    | Bought a scroll of identify for 22 gold pieces
 23995 | Orc:2    | Bought a scroll of identify for 22 gold pieces
 23998 | Orc:2    | Bought a +1 pair of gloves of strength for 297 gold pieces
 24299 | D:12     | Noticed Josephine
 24306 | D:12     | Killed Josephine
 24367 | D:12     | Found Celaobom's Jewellery Emporium.
 24781 | D:13     | Got a crude war axe
 24782 | D:13     | Identified the +5 war axe of Utwus {drain, +Inv Str-4 SInv}
                  | (You found it on level 13 of the Dungeon)
 24879 | D:13     | Reached XP level 15. HP: 120/137 MP: 24/24
 24953 | D:13     | Found a roughly hewn altar of Beogh.
 25350 | D:13     | Noticed Rupert
 25365 | D:13     | Banished Rupert
 25840 | D:13     | Found a gate to the Vaults.
 26013 | D:13     | Noticed Azrael
 26034 | D:13     | Banished Azrael
 26495 | D:14     | Found Ugux's Magic Scroll Shoppe.
 26514 | D:14     | Bought a scroll of enchant armour for 142 gold pieces
 26967 | D:15     | Entered Level 15 of the Dungeon
 27591 | D:15     | Reached skill level 15 in Fighting
 28309 | D:15     | Found a staircase to the Depths.
 28312 | D:15     | Reached XP level 16. HP: 126/149 MP: 26/26
 28613 | Spider:1 | Entered Level 1 of the Spider Nest
 28689 | Spider:1 | HP: 5/149 [jumping spider (8)]
 29678 | Spider:1 | Reached skill level 1 in Evocations
 31441 | Spider:2 | Reached skill level 5 in Evocations
 32203 | Spider:2 | Got a pair of spiked boots
 32204 | Spider:2 | Identified the +0 pair of boots of Posiduc {rElec Str-2
                  | Int+2 Dex+2} (You found it on level 2 of the Spider Nest)
 33141 | Spider:3 | Noticed Donald
 33146 | Spider:3 | Banished Donald
 33387 | Spider:3 | Noticed Nikola
 33431 | Spider:3 | Killed Nikola
 33431 | Spider:3 | Reached skill level 15 in Invocations
 33897 | Spider:4 | Entered Level 4 of the Spider Nest
 33954 | Spider:4 | Reached XP level 17. HP: 157/157 MP: 28/28
 34374 | Spider:4 | Corrupted Spider:4
 34374 | Spider:4 | Noticed a tentacled starspawn
 34374 | Spider:4 | Noticed a lich
 34376 | Spider:4 | Noticed a profane servitor
 34381 | Spider:4 | HP: 1/158 [large abomination[Lugonu's corruption] (10)]
 34382 | Spider:4 | Slain by a necromancer

Levels and vault maps discovered:
D:1:      dpeg_arrival_line_fractal, layout_loops_ring, serial_forest,
          infiniplex_forest_clump_long, infiniplex_forest_lined_2,
          infiniplex_forest_lined_3_way, infiniplex_forest_end_2,
          infiniplex_forest_lined_2, infiniplex_forest_clump_long,
          infiniplex_forest_lined_2
D:2:      layout_rooms, lemuel_round_altar, old_standard_altar,
          grunt_decor_one_mirror, uniq_robin
D:3:      layout_basic, nicolae_overflow_hidden_temple, lemuel_crystal_altar,
          lemuel_round_altar, first_ration, serial_curves, eino_curves_02,
          eino_curves_02, grunt_ministairs_14
D:4:      layout_cave_pools, kennysheep_mini
D:5:      layout_loops_corners, kennysheep_little_box
D:6:      layout_basic, nicolae_qazlal_style_of_elements, grunt_gozag_statues,
          demons_altar, minmay_temple_entry_purple_smoke,
          gup_ossuary_entry_pyramid, serial_shops, shop, lemuel_old_faithful,
          uniq_grinder
D:7:      layout_rooms, ebering_ghost_reflecting_pool, grunt_livestock
D:8:      layout_cave_pods, marbit_many_paths, lair_entry_dummy, serial_shops,
          shop, minivault_23, uniq_psyche, uniq_gastronok, uniq_harold
D:9:      layout_gridville, david_orc_4, minmay_misc_feat_encased,
          minmay_fountain_box, minivault_19, fungi_pond_lemuel,
          corexii_hall_statues_deadend
D:10:     layout_rooms, serial_rivers, chequers_serial_rivers_micro_a,
          chequers_serial_rivers_large_a, chequers_serial_rivers_micro_c,
          chequers_serial_rivers_small_3, chequers_serial_rivers_marsh,
          chequers_serial_rivers_micro_d, ebering_ghost_rock_garden,
          serial_shops, shop
D:11:     layout_rooms, enter_trove_1
D:12:     layout_cave_pools, minmay_shop_enchanted_jewellery,
          statue_in_the_mist_lemuel, onia_ninara_cookie, uniq_josephine
D:13:     layout_loops_cross, david_vaults_3, special_room [special_room_orc],
          uniq_rupert, uniq_azrael
D:14:     layout_roguey, grunt_decor_cap, serial_shops, shop_coins
D:15:     grunt_enter_depths_snipers, layout_irregular_city, serial_park_tiny_1,
          minmay_fractal_squares_diagonal_5
Lair:1:   layout_roguey, ebering_ghost_funeral_grove
Lair:2:   layout_loops_ring, minmay_swamp_entry_wisps,
          hangedman_lair_generics_rect
Lair:3:   layout_misc_corridors
Lair:4:   layout_cave_pods, spider_nest_entry_web_field, special_room
          [special_room_bee], minmay_lair_oklob_chamber, lemuel_fruit_fields
Lair:5:   layout_gridlike, minmay_slime_entry_oklob_enclosed,
          grunt_megastairs_4, uniq_sonja
Lair:6:   due_jungle_book, layout_long_grid, gammafunk_ghost_wrathful_warriors,
          portal_ice_cave_rime
Spider:1: layout_spider_delve
Spider:2: layout_chambers
Spider:3: layout_spider_delve, uniq_donald, uniq_nikola
Spider:4: floodkiller_spider_rune_tomb, nicolae_spider_webs_and_nodes
Orc:1:    layout_caves, ebering_ghost_rock_garden
Orc:2:    st_orc_rangers, layout_caves, basic_altar, serial_shops, shop_statue

Skill      XL: |  1  2  3  4  5  6  7  8  9 10 11 12 13 14 15 16 |
---------------+-------------------------------------------------+-----
Axes           | 3 4 5 7 9 11 14 15 16 18 20 | 20.0
Fighting       | 4 5 6 7 8 9 11 12 13 15 | 15.8
Invocations    | 3 4 5 6 7 8 9 10 12 14 15 | 15.1
Armour         | 3 4 5 7 9 10 12 13 | 13.9
Dodging        | 2 3 6 7 8 |  8.6
Evocations     | 8 |  8.0

Action                   |  1- 3 |  4- 6 |  7- 9 | 10-12 | 13-15 | 16-18 || total
-------------------------+-------+-------+-------+-------+-------+-------++-------
Melee: Hand axe          |   131 |   275 |   403 |       |       |       ||   809
       Unarmed           |     2 |       |       |       |       |       ||     2
       War axe           |       |       |   125 |   316 |       |       ||   441
       Battleaxe         |       |       |       |   208 |  1097 |   423 ||  1728
Invok: Bend Space        |       |     1 |       |       |       |       ||     1
       Banish            |       |       |     1 |     8 |     6 |     5 ||    20
       Brand Weapon With |       |       |       |     1 |       |       ||     1
       Corrupt           |       |       |       |       |     1 |     1 ||     2
Evoke: Wand              |       |     1 |       |       |       |    24 ||    25
  Use: Scroll            |       |    10 |     2 |    17 |    15 |     4 ||    48
       Potion            |       |       |       |     3 |     1 |     8 ||    12
 Stab: Sleeping          |       |     1 |       |       |       |       ||     1
       Paralysed         |       |       |       |       |     1 |       ||     1
  Eat: Chunk             |     3 |    11 |    10 |    16 |    33 |     5 ||    78
       Ration            |       |       |     1 |     3 |     2 |     5 ||    11
Armor: Leather armour    |    36 |    72 |       |       |       |       ||   108
       Ring mail         |       |    23 |    28 |       |       |       ||    51
       Chain mail        |       |       |   178 |       |     2 |       ||   180
       Plate armour      |       |       |    43 |   361 |   609 |   375 ||  1388
Dodge: Dodged            |   104 |   144 |   128 |   222 |   624 |   353 ||  1575

Table legend:
 A = Non-vault XP
 B = Vault XP
 C = Vault XP percentage of total XP
 D = Non-vault monster count
 E = Vault monster count
 F = Vault count percentage of total count
                 A         B        C        D         E       F
            +---------+---------+-------+---------+---------+-------
      Total |  130769 |   54610 |  29.5 |     719 |     309 |  30.1
            +---------+---------+-------+---------+---------+-------
        D:1 |      51 |      20 |  28.2 |      22 |      10 |  31.2
        D:2 |      64 |      16 |  20.0 |      21 |       1 |   4.5
        D:3 |     100 |       5 |   4.8 |      22 |       3 |  12.0
        D:4 |     346 |       0 |   0.0 |      29 |       0 |   0.0
        D:5 |     642 |       0 |   0.0 |      33 |       0 |   0.0
        D:6 |    1215 |     408 |  25.1 |      24 |       5 |  17.2
        D:7 |     765 |    1003 |  56.7 |      16 |       5 |  23.8
        D:8 |    1248 |    3020 |  70.8 |      29 |       4 |  12.1
        D:9 |     634 |     772 |  54.9 |       8 |      15 |  65.2
       D:10 |    3068 |       0 |   0.0 |      53 |       0 |   0.0
       D:11 |    2030 |       0 |   0.0 |      18 |       0 |   0.0
       D:12 |    5273 |    5095 |  49.1 |      16 |      27 |  62.8
       D:13 |    9211 |    9460 |  50.7 |      37 |      51 |  58.0
       D:14 |    7064 |       0 |   0.0 |      28 |       0 |   0.0
       D:15 |   13820 |    5430 |  28.2 |      35 |       9 |  20.5
     Lair:1 |    1429 |       0 |   0.0 |       6 |       0 |   0.0
     Lair:2 |    3943 |    2584 |  39.6 |      18 |      10 |  35.7
     Lair:3 |    4332 |       0 |   0.0 |      19 |       0 |   0.0
     Lair:4 |    6314 |    2810 |  30.8 |      33 |      26 |  44.1
     Lair:5 |    3327 |     404 |  10.8 |      17 |       1 |   5.6
     Lair:6 |    9739 |    3622 |  27.1 |      30 |       7 |  18.9
   Spider:1 |   16008 |       0 |   0.0 |      49 |       0 |   0.0
   Spider:2 |   17945 |       0 |   0.0 |      50 |       0 |   0.0
   Spider:3 |   10540 |    4928 |  31.9 |      32 |       3 |   8.6
   Spider:4 |    3878 |    1539 |  28.4 |      14 |       6 |  30.0
      Orc:1 |    5446 |    1148 |  17.4 |      43 |      11 |  20.4
      Orc:2 |    2337 |    3830 |  62.1 |      17 |      24 |  58.5
    Ossuary |       0 |     207 | 100.0 |       0 |      56 | 100.0
      IceCv |       0 |    8309 | 100.0 |       0 |      35 | 100.0
            +---------+---------+-------+---------+---------+-------
